 Dungeon Crawl Stone Soup version 0.25-a0-565-g8875c97ebb (console) character file.

Game seed: 3527079509491958612, levelgen mode: deterministic

939 Kagalorn the Magician (level 8, -3/60 HPs)
             Began as a Gnoll Wanderer on Feb 26, 2020.
             Slain by a killer bee (6 damage)
             ... on level 5 of the Dungeon.
             The game lasted 00:16:40 (4606 turns).

Kagalorn the Magician (Gnoll Wanderer)              Turns: 4606, Time: 00:16:40

Health: -3/60      AC:  5    Str: 15    XL:     8   Next: 12%
Magic:  0/16       EV: 13    Int: 19    God:
Gold:   226        SH:  0    Dex: 12    Spells: 16/18 levels left

rFire    + + .     SeeInvis .   a - +2 hand axe
rCold    + . .     Gourm    .   (no shield)
rNeg     . . .     Faith    .   d - +0 robe
rPois    +         Spirit   +   (no helmet)
rElec    +         Reflect  .   B - scarf {Spirit}
rCorr    +         Harm     .   D - +2 pair of gloves
MR       .....                  (no boots)
Stlth    ++........             (no amulet)
HPRegen  0.20/turn              b - ring of protection from fire
MPRegen  0.15/turn              (no ring)

@: lethally poisoned (-3 -> -8), about to teleport, resistant
A: distributed training, fangs 1, strong nose
a: no special abilities


You were on level 5 of the Dungeon.
You were not hungry.

You visited 1 branch of the dungeon, and saw 5 of its levels.

You collected 226 gold pieces.

Inventory:

Hand Weapons
 a - a +2 hand axe (weapon)
 w - a +0 hand crossbow
 y - a +2 dagger of venom
Missiles
 e - 37 arrows
 j - 169 stones (quivered)
 m - 15 sling bullets
 z - 7 poisoned darts
Armour
 d - a +0 robe (worn)
 B - a scarf of spirit shield (worn)
 D - a +2 pair of gloves (worn)
Jewellery
 b - a ring of protection from fire (left hand)
Wands
 o - a wand of iceblast (11)
 s - a wand of random effects (11)
Scrolls
 c - 2 scrolls of fog {unknown}
 n - 2 scrolls of remove curse
 q - a scroll of immolation {unknown}
 r - a scroll of amnesia {unknown}
 u - a scroll of enchant weapon {unknown}
 v - a scroll of fear {unknown}
 A - a scroll of blinking {unknown}
Potions
 g - 2 potions of flight
 k - a potion of cancellation
 p - a potion of magic
 t - 2 potions of might
 C - a potion of stabbing
Comestibles
 f - 15 rations
 x - 3 chunks of flesh


   Skills:
 + Level 3.9 Fighting
 + Level 2.9 Short Blades
 + Level 2.9 Long Blades
 + Level 5.4 Axes
 + Level 2.9 Maces & Flails
 + Level 2.9 Polearms
 + Level 2.9 Staves
 + Level 2.9 Slings
 + Level 2.9 Bows
 + Level 2.9 Crossbows
 + Level 2.9 Throwing
 + Level 2.9 Armour
 + Level 2.9 Dodging
 + Level 2.9 Stealth
 + Level 2.9 Shields
 + Level 2.9 Unarmed Combat
 + Level 5.8 Spellcasting
 + Level 4.5 Conjurations
 + Level 2.3 Hexes
 + Level 2.3 Charms
 + Level 2.3 Summonings
 + Level 2.3 Necromancy
 + Level 2.3 Translocations
 + Level 2.3 Transmutations
 + Level 2.3 Fire Magic
 + Level 2.3 Ice Magic
 + Level 2.3 Air Magic
 + Level 3.2 Earth Magic
 + Level 2.3 Poison Magic
 + Level 3.2 Invocations
 + Level 5.4 Evocations


You had 16 spell levels left.
You knew the following spells:

 Your Spells              Type           Power        Failure   Level  Hunger
a - Shock                 Conj/Air       ###.         2%          1    None
h - Summon Butterflies    Summ           ##......     4%          1    None

Your spell library contained the following spells:

 Spells                   Type           Power        Failure   Level  Hunger
 Ensorcelled Hibernation  Hex/Ice        ##....       6%          2    None
 Mephitic Cloud           Conj/Pois/Air  ###.....     10%         3    ##.....
 Summon Guardian Golem    Hex/Summ       ##......     13%         3    ##.....
 Borgnjor's Vile Clutch   Necr/Erth      ###.......   69%         5    #####..
 Silence                  Hex/Air        ##........   75%         5    #####..
 Darkness                 Hex            ##........   100%        6    #######
 Shadow Creatures         Summ           N/A          100%        6    #######


Dungeon Overview and Level Annotations

Branches:
Dungeon (5/15)             Temple (0/1) D:5

Altars:
Kikubaaqudgha
Trog
Wu Jian

Annotations:
D:4 exclusions: downstairs and slave, Grinder, Sigmund


Innate Abilities, Weirdness & Mutations

Your experience applies equally to all skills.
You have very sharp teeth.
Your uncanny sense of smell can sniff out nearby items.


Message History

The killer bee closely misses you. x2
The orc priest calls down the wrath of Beogh upon you.
Beogh smites you!
* * * LOW HITPOINT WARNING * * *
You hear a shout!
You feel better. The killer bee stings you.
* * * LOW HITPOINT WARNING * * *
The killer bee stings you but does no damage.
The orc priest looks satisfied for a moment.
Evoke which item? (* to show all) (? for menu, Esc to quit)
Okay, then.
Unknown command.
Unknown command.
Okay, then.
As you read the scroll of teleportation, it crumbles to dust.
You feel strangely unstable. The killer bee stings you.
* * * LOW HITPOINT WARNING * * *
You are lethally poisoned!
The killer bee poisons you! The killer bee stings you.
You die...

#.#.#.#.#.#.
########.#.#.#.#.#.#.# #.
#§≈≈≈≈§##.#[#.#.#.#.....
#§§§§≈≈#.#.#.#.#.#...#.#
'§§.≈..'..#.#.#.#.#.... .
'..≈.≈.'.#.#.#.#....#.# #..
#≈≈≈.≈≈##.#.#.#...###.# ..#
#≈≈≈≈≈§#.#.#....###..!##.#..
#########.#.#.#.@yyo...#y.#
.∆ #.#.#....##oo>..##... .
#.#.#.#.#..#........# .
#.#.#.#'#'#.##...###... ..
#####........#.###....o
#........#.#...#
#............### ∆
##########.........#..#
#........#.^..........#


You could see 2 killer bees, an orc priest and 2 orcs.

Vanquished Creatures
  2 ogres (D:4)
  3 killer bees (D:5)
  A vampire bat (D:4)
  3 hounds
  3 jellies (D:3)
  2 orc wizards (D:4)
  An orc priest (D:3)
  An iguana (D:4)
  Natasha (twice) (D:4)
  3 gnolls (D:3)
  9 adders
  9 oozes
  2 adder skeletons
  A worm (D:2)
  A dart slug (D:3)
  4 leopard geckos
  11 orcs
  A giant cockroach (D:3)
  7 goblins
  7 hobgoblins
  A quokka (D:5)
  15 bats
  3 frilled lizards
  11 kobolds
  5 rats
108 creatures vanquished.

Vanquished Creatures (others)
  8 fungi (D:3)
  5 toadstools (D:3)
13 creatures vanquished.

Grand Total: 121 creatures vanquished

Notes
Turn   | Place    | Note
-------+----------+-------------------------------------------
     0 | D:1      | Kagalorn the Gnoll Wanderer began the quest for the Orb.
     0 | D:1      | Kagalorn set off with the following items: a +2 hand axe, a
                  | +0 robe, a ration; and the following spells available to
                  | memorise: Shock, Summon Butterflies, Mephitic Cloud, Summon
                  | Guardian Golem
     0 | D:1      | Reached XP level 1. HP: 17/17 MP: 6/6
     2 | D:1      | Learned a level 1 spell: Shock
     4 | D:1      | Learned a level 1 spell: Summon Butterflies
   268 | D:1      | Reached XP level 2. HP: 23/23 MP: 3/7
   802 | D:2      | Reached skill level 5 in Spellcasting
   802 | D:2      | Reached XP level 3. HP: 23/28 MP: 5/9
  1035 | D:2      | Reached skill level 1 in Invocations
  1311 | D:2      | Reached skill level 1 in Short Blades
  1311 | D:2      | Reached skill level 1 in Long Blades
  1311 | D:2      | Reached skill level 1 in Maces & Flails
  1311 | D:2      | Reached skill level 1 in Polearms
  1311 | D:2      | Reached skill level 1 in Staves
  1311 | D:2      | Reached skill level 1 in Slings
  1311 | D:2      | Reached skill level 1 in Bows
  1311 | D:2      | Reached skill level 1 in Crossbows
  1311 | D:2      | Reached skill level 1 in Throwing
  1311 | D:2      | Reached skill level 1 in Armour
  1311 | D:2      | Reached skill level 1 in Dodging
  1311 | D:2      | Reached skill level 1 in Stealth
  1311 | D:2      | Reached skill level 1 in Shields
  1311 | D:2      | Reached skill level 1 in Unarmed Combat
  1318 | D:2      | Found an ornate altar of the Wu Jian Council.
  1349 | D:2      | Reached XP level 4. HP: 28/34 MP: 2/11
  1743 | D:3      | Found a bloodstained altar of Trog.
  1750 | D:3      | Reached skill level 1 in Hexes
  1750 | D:3      | Reached skill level 1 in Charms
  1750 | D:3      | Reached skill level 1 in Summonings
  1750 | D:3      | Reached skill level 1 in Necromancy
  1750 | D:3      | Reached skill level 1 in Translocations
  1750 | D:3      | Reached skill level 1 in Transmutations
  1750 | D:3      | Reached skill level 1 in Fire Magic
  1750 | D:3      | Reached skill level 1 in Ice Magic
  1750 | D:3      | Reached skill level 1 in Air Magic
  1750 | D:3      | Reached skill level 1 in Poison Magic
  1883 | D:3      | Reached XP level 5. HP: 40/40 MP: 3/12
  2740 | D:3      | Reached XP level 6. HP: 36/47 MP: 8/13
  2874 | D:3      | Reached skill level 5 in Axes
  2874 | D:3      | Reached skill level 5 in Evocations
  3216 | D:4      | Noticed Natasha
  3227 | D:4      | Killed Natasha
  3227 | D:4      | Reached XP level 7. HP: 50/52 MP: 8/15
  3419 | D:4      | Noticed Sigmund
  3461 | D:4      | Noticed Grinder
  3858 | D:5      | Entered Level 5 of the Dungeon
  4129 | D:4      | Noticed Natasha
  4139 | D:4      | Killed Natasha
  4288 | D:5      | Found an ancient bone altar of Kikubaaqudgha.
  4575 | D:5      | Found a staircase to the Ecumenical Temple.
  4599 | D:5      | Reached XP level 8. HP: 25/60 MP: 3/16
  4604 | D:5      | HP: 1/60 [orc priest/divine providence (10)]
  4606 | D:5      | Slain by a killer bee

Levels and vault maps discovered:
D:1:      saegor_arrival_simple_a, layout_basic
D:2:      layout_basic, lemuel_round_altar, dk_noncrumbling_2
D:3:      cheibrodos_fertilizer, layout_rooms, nicolae_overflow_hidden_temple,
          old_standard_altar, minmay_strange_pillars
D:4:      layout_gridville, roderic_batcave, uniq_grinder, uniq_sigmund,
          uniq_pikel, uniq_natasha
D:5:      layout_basic, minmay_temple_entry_slanted, basic_altar, first_ration,
          kennysheep_generic_room_12

Skill      XL: |  1  2  3  4  5  6  7 |
---------------+----------------------+-----
Earth Magic    | 2 3 |  3.2
Spellcasting   | 5 |  5.8
Invocations    | 1 2 3 |  3.2
Short Blades   | 1 2 |  2.9
Long Blades    | 1 2 |  2.9
Maces & Flails | 1 2 |  2.9
Polearms       | 1 2 |  2.9
Staves         | 1 2 |  2.9
Slings         | 1 2 |  2.9
Bows           | 1 2 |  2.9
Crossbows      | 1 2 |  2.9
Throwing       | 1 2 |  2.9
Armour         | 1 2 |  2.9
Dodging        | 1 2 |  2.9
Stealth        | 1 2 |  2.9
Shields        | 1 2 |  2.9
Unarmed Combat | 1 2 |  2.9
Hexes          | 1 2 |  2.3
Charms         | 1 2 |  2.3
Summonings     | 1 2 |  2.3
Necromancy     | 1 2 |  2.3
Translocations | 1 2 |  2.3
Transmutations | 1 2 |  2.3
Fire Magic     | 1 2 |  2.3
Ice Magic      | 1 2 |  2.3
Air Magic      | 1 2 |  2.3
Poison Magic   | 1 2 |  2.3
Fighting       | 3 |  3.9
Conjurations   | 4 |  4.5
Axes           | 5 |  5.4
Evocations     | 5 |  5.4

Action                   |  1- 3 |  4- 6 |  7- 9 || total
-------------------------+-------+-------+-------++-------
Melee: Hand axe          |    45 |    48 |    18 ||   111
       Bite              |     5 |     2 |     1 ||     8
       Punch             |     1 |       |       ||     1
 Cast: Shock             |    44 |    86 |    91 ||   221
  Use: Scroll            |       |     5 |     4 ||     9
       Potion            |       |       |     2 ||     2
 Stab: Sleeping          |       |     1 |     1 ||     2
  Eat: Chunk             |     1 |     3 |     4 ||     8
       Ration            |       |     1 |       ||     1
Armor: Robe              |     7 |    11 |    15 ||    33
Dodge: Dodged            |    21 |    49 |    70 ||   140

Table legend:
 A = Non-vault XP
 B = Vault XP
 C = Vault XP percentage of total XP
 D = Non-vault monster count
 E = Vault monster count
 F = Vault count percentage of total count
                 A         B        C        D         E       F
            +---------+---------+-------+---------+---------+-------
      Total |    1036 |     306 |  22.8 |      79 |      29 |  26.9
            +---------+---------+-------+---------+---------+-------
        D:1 |      17 |       0 |   0.0 |      10 |       0 |   0.0
        D:2 |      69 |       0 |   0.0 |      23 |       0 |   0.0
        D:3 |     169 |     199 |  54.1 |      22 |      18 |  45.0
        D:4 |     475 |     107 |  18.4 |      14 |      11 |  44.0
        D:5 |     306 |       0 |   0.0 |      10 |       0 |   0.0
            +---------+---------+-------+---------+---------+-------
